 Dungeon Sprint DCSS version 0.19-a0-578-g4cfc824 (webtiles) character file.

18393 Groucho the Tortoise (level 12, -29/110 HPs)
             Began as a Minotaur Fighter on June 9, 2016.
             Was an Elder of Uskayaw.
             Killed from afar by an ogre mage (58 damage)
             ... with a crystal spear
             ... in the Dungeon (Sprint IX: "|||||||||||||||||||||||||||||").
             The game lasted 00:11:21 (3675 turns).

Groucho the Tortoise (Minotaur Fighter)             Turns: 3675, Time: 00:11:21

Health: -29/110    AC: 30    Str: 31    XL:     12   Next: 27%
Magic:  4/17       EV: 14    Int:  5    God:    Uskayaw [****..]
Gold:   1176       SH: 23    Dex: 14    Spells: 0 memorised, 11 levels left

rFire  + . .     SeeInvis .     b - +2 scimitar (holy)
rCold  . . .     Gourm    .     E - +2 plate armour {rF+}
rNeg   . . .     Faith    .     C - +1 large shield
rPois  .         Spirit   .     p - +2 hat {MR+}
rElec  .         Dismiss  .     D - +0 cloak (curse)
rCorr  .         Reflect  .     F - +2 pair of gloves {Str+3}
SustAt .         Harm     .     o - +0 pair of boots
MR     +....     NoTele   +     (no amulet)
Stlth  ..........               s - +3 ring of strength
                                r - +3 ring of strength

@: somewhat resistant to hostile enchantments, extremely unstealthy
A: retaliatory headbutt, horns 2
a: Stomp, Line Pass, Renounce Religion


You were in the Dungeon.
You worshipped Uskayaw.
Uskayaw was greatly pleased with you.
You were not hungry.

You visited 1 branch You collected 1931 gold pieces.
You spent 755 gold pieces at shops.

Inventory:

Hand Weapons
 a - the +2 morningstar "Noymujio" {crush, rElec Str+4 Int+2 Dex-4}
   (You found it in the Dungeon)

   It inflicts extra damage upon your enemies.
   It affects your strength (+4).
   It affects your intelligence (+2).
   It affects your dexterity (-4).
   It insulates you from electricity.
 b - a +2 scimitar of holy wrath (weapon)
 h - a +2 long sword of holy wrath
Armour
 o - a +0 pair of boots (worn)
 p - a +2 hat of magic resistance (worn)
 C - a +1 large shield (worn)
 D - a cursed +0 cloak (worn)
 E - a +2 plate armour of fire resistance (worn)
 F - a +2 pair of gloves of strength (worn)
Jewellery
 q - an uncursed ring of protection from fire
 r - a +3 ring of strength (left hand)
 s - a +3 ring of strength (right hand)
Wands
 n - a wand of iceblast (6/15)
Scrolls
 k - 4 scrolls of blinking
 l - 5 scrolls of remove curse
 m - 3 scrolls of amnesia
 v - 2 scrolls of fog
 w - 2 scrolls of enchant armour
 x - 2 scrolls of identify
 y - a scroll of fear
Potions
 d - a potion of might
 e - 5 potions of curing
 f - 2 potions of agility
 g - a potion of invisibility
 i - 4 potions of magic
 j - 2 potions of berserk rage
 t - a potion of brilliance
 u - 3 potions of cure mutation
 G - 2 potions of heal wounds
Comestibles
 z - 40 fruits
 A - 11 bread rations
 B - 11 meat rations


   Skills:
 + Level 11.2 Fighting
 - Level 14.2 Long Blades
 * Level 18.7 Armour
 * Level 12.9 Dodging
 * Level 9.0 Stealth
 * Level 14.8 Shields
 + Level 9.9 Unarmed Combat
 + Level 8.4 Invocations


You had 11 spell levels left.
You didn't know any spells.

Dungeon Overview and Level Annotations

Branches:
Dungeon (1/1)

Altars:
Cheibriados
Dithmenos
Elyvilon
Fedhas
Gozag
Hepliaklqana
Kikubaaqudgha
Makhleb
Nemelex Xobeh
Okawaru
Pakellas
Qazlal
Ru
Sif Muna
Trog
Uskayaw
Vehumet
Xom
Yredelemnul
Zin
The Shining One
Beogh
Jiyva
Lugonu

Shops:
D [?([


Innate Abilities, Weirdness & Mutations

You reflexively headbutt those who attack you in melee.
You have a pair of horns on your head.


Message History

You hit the vampire knight but do no damage.
You headbutt the vampire knight!
You destroy the vampire knight!
Your Stealth skill increases to level 9!
The ogre mage hits you but does no damage.
Unknown command.
Evoke which item? (* to show all) (? for menu, Esc to quit)
Zapping:
n - a wand of iceblast (7/15)
Press: ? - help, Shift-Dir - straight line, f - ogre mage
Aim: an ogre mage, wielding a spear and wearing a robe The mass of ice explodes!
The iceblast engulfs the ogre mage.
The ogre mage is moderately wounded.
This wand has 6 charges left.
The ogre mage mumbles some strange words.
The ogre mage blinks!
Unknown command.
The ogre mage casts a spell at you. The crystal spear hits you!
Ouch! That really hurt!
You die...

▓_▓.▓.▓.▓.▓.▓.▓
▓_▓.▓.▓.▓.▓.▓.▓
▓_▓.▓.▓.▓.▓.▓.▓
▓_▓.▓.▓.▓)▓.▓.▓
▓'▓.▓†▓.▓)▓.▓(▓
▓.▓.▓†▓.▓[▓.▓'▓
▓|▓.▓†▓.▓.▓.▓O▓
▓.▓.▓†▓.▓)▓.▓)▓
▓)▓.▓.▓.▓.▓.▓@▓
▓.▓.▓.▓.▓∩▓.▓)▓
▓.▓.▓.▓.▓.▓.▓)▓
▓.▓.▓.▓.▓∩▓.▓§▓
▓.▓.▓.▓.▓.▓.▓)▓
▓)▓.▓.▓.▓∩▓.▓.▓
▓†▓.▓.▓.▓)▓.▓.▓
▓.▓.▓.▓.▓∩▓.▓.▓
▓.▓.▓(▓.▓)▓.▓.▓


You could see an ogre mage.

Vanquished Creatures
  Gastronok (D)
  A stone giant (D)
  A vampire knight (D)
  A yaktaur captain (D)
  A rakshasa (D)
  An ice dragon (D)
  4 ogre magi (D)
  2 centaur warriors (D)
  A tengu warrior (D)
  An unseen horror (D)
  A hill giant (D)
  2 orc sorcerers (D)
  2 orc knights (D)
  A cyclops (D)
  2 komodo dragons (D)
  4 two-headed ogres (D)
  A troll (D)
  A blink frog (D)
  2 yaks (D)
  3 hippogriffs (D)
  A warg (D)
  3 water moccasins (D)
  3 hell hounds (D)
  A porcupine (D)
  6 orc warriors (D)
  3 ogres (D)
  2 centaurs (D)
  4 wolves (D)
  4 crocodiles (D)
  3 giant frogs (D)
  A wight (D)
  2 hounds (D)
  A jelly (D)
  3 orc priests (D)
  An iguana (D)
  3 orc wizards (D)
  An adder (D)
  2 shadow imps (D)
  An adder skeleton (D)
  11 orcs (D)
  A bat skeleton (D)
  A bat zombie (D)
  A goblin (D)
  A hobgoblin (D)
  A quokka (D)
  2 bats (D)
  A giant cockroach zombie (D)
  2 giant newts (D)
99 creatures vanquished.

Vanquished Creatures (others)
  2 two-headed ogres (D)
2 creatures vanquished.

Grand Total: 101 creatures vanquished

Notes
Turn   | Place    | Note
--------------------------------------------------------------
     0 | D        | Groucho the Minotaur Fighter began the quest for the Orb.
     0 | D        | Reached XP level 1. HP: 19/19 MP: 0/0
    12 | D        | Reached skill level 4 in Armour
   131 | D        | Noticed a centaur
   138 | D        | Reached skill level 5 in Armour
   138 | D        | Reached XP level 2. HP: 10/26 MP: 1/1
   153 | D        | Killed a centaur
   153 | D        | Reached skill level 7 in Armour
   153 | D        | Reached XP level 3. HP: 16/31 MP: 2/2
   153 | D        | Reached XP level 4. HP: 20/39 MP: 3/3
   509 | D        | Found a glowing silver altar of Zin.
   509 | D        | Found a glowing golden altar of the Shining One.
   509 | D        | Found an ancient bone altar of Kikubaaqudgha.
   509 | D        | Found a basalt altar of Yredelemnul.
   509 | D        | Found a shimmering altar of Xom.
   509 | D        | Found a radiant altar of Vehumet.
   510 | D        | Found an iron altar of Okawaru.
   511 | D        | Found a burning altar of Makhleb.
   512 | D        | Found a deep blue altar of Sif Muna.
   513 | D        | Found a bloodstained altar of Trog.
   514 | D        | Found a sparkling altar of Nemelex Xobeh.
   515 | D        | Found a white marble altar of Elyvilon.
   516 | D        | Found a roughly hewn altar of Beogh.
   517 | D        | Found a viscous altar of Jiyva.
   518 | D        | Found a corrupted altar of Lugonu.
   519 | D        | Found a blossoming altar of Fedhas.
   520 | D        | Found a snail-covered altar of Cheibriados.
   521 | D        | Found a shadowy altar of Dithmenos.
   522 | D        | Found a stormy altar of Qazlal.
   523 | D        | Found an opulent altar of Gozag.
   524 | D        | Found a sacrificial altar of Ru.
   525 | D        | Found an oddly glowing altar of Pakellas.
   526 | D        | Found a hide-covered altar of Uskayaw.
   527 | D        | Found a hazy altar of Hepliaklqana.
   534 | D        | Became a worshipper of Uskayaw the Reveler
   590 | D        | Got the +2 morningstar "Noymujio" {crush, rElec Str+4 Int+2 Dex-4}
   597 | D        | Noticed a giant frog
   604 | D        | Reached * piety under Uskayaw
   606 | D        | Reached ** piety under Uskayaw
   607 | D        | Killed a giant frog
   607 | D        | Reached skill level 9 in Armour
   607 | D        | Reached XP level 5. HP: 38/45 MP: 4/4
   608 | D        | Reached *** piety under Uskayaw
   610 | D        | Reached **** piety under Uskayaw
   614 | D        | Reached ***** piety under Uskayaw
   656 | D        | Noticed a centaur warrior
   656 | D        | Noticed an orc warrior
   665 | D        | Killed a centaur warrior
   665 | D        | Reached skill level 13 in Armour
   665 | D        | Reached XP level 6. HP: 24/51 MP: 5/5
   665 | D        | Reached XP level 7. HP: 27/57 MP: 6/6
   666 | D        | Reached skill level 10 in Shields
   673 | D        | Reached skill level 1 in Unarmed Combat
   673 | D        | Reached XP level 8. HP: 13/66 MP: 2/7
   691 | D        | Killed an unseen horror
   691 | D        | Reached skill level 5 in Fighting
   691 | D        | Reached skill level 14 in Armour
  1094 | D        | Noticed a komodo dragon
  1096 | D        | Noticed a komodo dragon
  1102 | D        | Reached skill level 1 in Dodging
  1102 | D        | Reached skill level 1 in Invocations
  1117 | D        | Killed a komodo dragon
  1117 | D        | Reached XP level 9. HP: 58/75 MP: 4/9
  1123 | D        | Killed a komodo dragon
  1123 | D        | Reached skill level 5 in Dodging
  1123 | D        | Reached skill level 5 in Unarmed Combat
  1485 | D        | Reached skill level 15 in Armour
  1568 | D        | Reached XP level 10. HP: 77/88 MP: 12/12
  1731 | D        | Reached skill level 16 in Armour
  1810 | D        | Noticed an orc sorcerer
  1810 | D        | Noticed an orc knight
  1814 | D        | Reached skill level 1 in Stealth
  1816 | D        | Noticed a soul eater
  1821 | D        | Noticed an orc sorcerer
  1823 | D        | Noticed an orc knight
  1828 | D        | Noticed a sixfirhy
  1829 | D        | Killed an orc sorcerer
  1829 | D        | Reached skill level 5 in Invocations
  1831 | D        | Killed an orc knight
  1834 | D        | Killed an orc sorcerer
  1838 | D        | Reached ****** piety under Uskayaw
  1839 | D        | Killed an orc knight
  2292 | D        | Found Picw's Armour Emporium.
  2292 | D        | Noticed an ogre mage
  2301 | D        | Found Feurrit's Magic Scroll Shoppe.
  2301 | D        | Noticed an ogre mage
  2310 | D        | Found Neicruo's Weapon Emporium.
  2313 | D        | Reached skill level 10 in Dodging
  2319 | D        | Killed an ogre mage
  2319 | D        | Reached skill level 17 in Armour
  2319 | D        | Reached skill level 5 in Stealth
  2319 | D        | Reached XP level 11. HP: 81/97 MP: 14/14
  2323 | D        | Killed an ogre mage
  2333 | D        | Found Poug's Antique Armour Shoppe.
  2337 | D        | Noticed an ogre mage
  2339 | D        | Noticed an ogre mage
  2351 | D        | Killed an ogre mage
  2359 | D        | Killed an ogre mage
  2359 | D        | Reached skill level 10 in Fighting
  2381 | D        | Bought a +0 hat for 56 gold pieces
  2387 | D        | Bought an embroidered cloak for 139 gold pieces
  2393 | D        | Bought a +2 plate armour of fire resistance for 560 gold pieces
  2992 | D        | Noticed Gastronok
  3015 | D        | Killed Gastronok
  3624 | D        | Noticed a rakshasa
  3631 | D        | Noticed a hill giant
  3631 | D        | Noticed a stone giant
  3631 | D        | Noticed a tengu warrior
  3631 | D        | Noticed an ice dragon
  3631 | D        | Noticed a vampire knight
  3631 | D        | Noticed a yaktaur captain
  3631 | D        | Noticed a centaur warrior
  3646 | D        | Killed a rakshasa
  3646 | D        | Reached skill level 18 in Armour
  3654 | D        | Killed a stone giant
  3657 | D        | Killed a hill giant
  3661 | D        | Noticed an ogre mage
  3666 | D        | Killed a tengu warrior
  3666 | D        | Reached XP level 12. HP: 26/108 MP: 7/16
  3668 | D        | Killed an ice dragon
  3669 | D        | Killed a centaur warrior
  3671 | D        | Killed a yaktaur captain
  3673 | D        | Killed a vampire knight
  3675 | D        | Killed from afar by an ogre mage

Vault maps used:
D:        linesprint

Skill      XL: |  1  2  3  4  5  6  7  8  9 10 11 12 |
---------------+-------------------------------------+-----
Long Blades    | 4 6 8 12 13 14 | 14.2
Armour         | 5 7 9 13 14 15 17 18 | 18.7
Shields        | 4 6 9 10 11 12 14 | 14.8
Unarmed Combat | 1 4 5 7 9 |  9.9
Fighting       | 6 7 9 10 11 | 11.2
Dodging        | 3 7 10 12 | 12.9
Invocations    | 2 4 6 7 8 |  8.4
Stealth        | 5 8 9 |  9.0

Action                   |  1- 3 |  4- 6 |  7- 9 | 10-12 || total
-------------------------+-------+-------+-------+-------++-------
Melee: Long sword        |    31 |     1 |       |       ||    32
       Headbutt          |     3 |     4 |    24 |    45 ||    76
       Scimitar          |       |    25 |    91 |   151 ||   267
Invok: Line Pass         |       |       |     2 |     4 ||     6
Evoke: Wand              |       |       |       |     1 ||     1
  Use: Potion            |     2 |       |     2 |     3 ||     7
 Stab: Paralysed         |       |     1 |     5 |    10 ||    16
       Confused          |       |       |       |     2 ||     2
  Eat: Bread ration      |       |       |     1 |     1 ||     2
       Meat ration       |       |       |       |     1 ||     1
Armor: Scale mail        |     8 |       |       |       ||     8
       Ring mail         |       |     8 |    26 |    15 ||    49
       Plate armour      |       |       |       |    13 ||    13
Dodge: Dodged            |     8 |     7 |    16 |    24 ||    55
Block: Shield            |    16 |    11 |    41 |    39 ||   107
       Large shield      |       |       |       |    28 ||    28
